 Dungeon Crawl Stone Soup version 0.31-a0-700-gf13585253f (webtiles) character file.

Game seed: 16098184343940161325

53 qw the Shooter (level 3, -1/23 HPs)
             Began as a Gargoyle Hunter on Sept 7, 2023.
             Slain by Robin
             ... wielding a +0 club
              (3 damage)
             ... on level 2 of the Dungeon.
             The game lasted 00:00:27 (977 turns).

qw the Shooter (Gargoyle Hunter)                     Turns: 977, Time: 00:00:28

Health: -1/23      AC:  6    Str: 14    XL:     3   Next: 87%
Magic:  3/3        EV: 11    Int:  9    God:
Gold:   102        SH:  0    Dex: 15    Spells: 2/2 levels left

rFire   . . .        Y - +1 shortbow
rCold   . . .        (shield currently unavailable)
rNeg    + . .        c - +0 leather armour
rPois   inf          (no helmet)
rElec   +            (no cloak)
rCorr   .            (no gloves)
SInv    .            (no boots)
Will    +....        (no amulet)
Stlth   ++           h - ring of willpower
HPRegen 0.23/turn    (no ring)
MPRegen 0.08/turn

%: no passive effects
@: no status effects
A: sickness immunity, AC +3, negative energy resistance 1, electricity
resistance, torment resistance 1, petrification resistance
a: no special abilities


You were on level 2 of the Dungeon.
You visited 1 branch of the dungeon, and saw 2 of its levels.

You collected 102 gold pieces.


Innate Abilities, Weirdness & Mutations

You are immune to sickness and miasma.
Your stone body is resilient. (AC +3)
You are immune to poison.
You resist negative energy. (rN+)
You are resistant to electric shocks. (rElec)
You are resistant to unholy torment.
You are immune to petrification.


   Skills:
 - Level 3.0 Fighting
 + Level 5.0 Ranged Weapons
 - Level 1.5 Dodging
 - Level 1.1 Stealth


You had 2 spell levels left.
You didn't know any spells.
Your spell library was empty.

Inventory:

Hand Weapons
 Y - a +1 shortbow (weapon)
Armour
 a - the +1 helmet "Derchuaxu" {Harm *Slow rPois rC+}
   (You acquired it on level 1 of the Dungeon)

   rC+:       It protects you from cold.
   rPois:     It protects you from poison *Slow: It may slow you when you take
   damage.
   Harm:      It increases damage dealt and taken.
 b - a +0 ring mail
 c - a +0 leather armour (worn)
 k - a +0 pair of boots
Jewellery
 h - a ring of willpower (left hand)
 l - an amulet of the acrobat
Scrolls
 e - 2 scrolls of teleportation {unknown}
 g - a scroll of identify
Potions
 d - a potion of magic {unknown}
 f - a potion of curing
 i - a potion of might {unknown}
 j - a potion of enlightenment {unknown}

Dungeon Overview and Level Annotations

Branches:
Dungeon (2/15)

Altars:

Annotations:
D:2 Robin


Message History

A goblin comes into view. It is wielding a +0 dagger.
Your Fighting skill increases to level 3!
You shoot an arrow. The arrow closely misses the goblin.
The goblin hits you but does no damage.
Robin roars a battlecry!
You shoot an arrow. The arrow closely misses the goblin.
The goblin hits you with a +0 dagger.
A goblin comes into view. It is wielding a +0 dagger.
The goblin misses you.
You shoot an arrow. The arrow hits the hobgoblin.
The hobgoblin is severely wounded.
The goblin hits you but does no damage. The hobgoblin completely misses you.
You shoot an arrow. The arrow hits the hobgoblin.
You kill the hobgoblin!
A goblin comes into view. It is wielding a +0 club.
The hobgoblin hits you but does no damage.
Robin throws the goblin at you! The goblin hits you with a +0 dagger.
The goblin hits you but does no damage.
You shoot an arrow. The arrow hits the hobgoblin.
The hobgoblin is heavily wounded.
The goblin hits you but does no damage. The goblin hits you with a +0 dagger.
Robin roars a battlecry!
The goblin goes into a battle-frenzy!
You shoot an arrow.
The arrow hits the hobgoblin but does no damage.
The hobgoblin is heavily wounded.
The hobgoblin closely misses you.
The goblin hits you with a +0 dagger. x2
Robin throws the goblin at you!
You shoot an arrow. The arrow hits the hobgoblin!
You kill the hobgoblin!
The goblin hits you but does no damage. Robin throws the goblin at you!
The goblin hits you with a +0 dagger. x2; The goblin barely misses you.
You shoot an arrow. The arrow hits the goblin.
The goblin is heavily wounded.
The goblin closely misses you.
The goblin hits you but does no damage. x2
The goblin hits you with a +0 dagger.
You shoot an arrow. The arrow barely misses the goblin.
The goblin hits you but does no damage. Robin hits you with a +0 club.
You die...
Robin lets out a smug laugh. .. ### #.###### .... ##.#..... ..###..#..)). .........) #..>... #ggg#

#@%#######
#gg.............##
#.########........
##'## #..#.#.#. ##...##
#..#.#.#. ##.....##
#..#.#.#. #.......##
#..#.#.#.
#.........####>.......
.'.........'......%....


You could see Robin and 4 goblins.

Vanquished Creatures
  An adder (D:2)
  A worm (D:2)
  3 bats
  2 endoplasms
  8 goblins
  7 hobgoblins
  A quokka (D:1)
  3 ball pythons
  A frilled lizard (D:1)
  5 kobolds (D:1)
  5 rats
37 creatures vanquished.

Notes
Turn   | Place    | Note
-------+----------+-------------------------------------------
     0 | D:1      | qw the Gargoyle Hunter began the quest for the Orb.
     0 | D:1      | Reached XP level 1. HP: 12/12 MP: 1/1
     0 | D:1      | 0 ||| qw: Version: 0.3-a-76-g4403597
     0 | D:1      | 0 ||| qw: Game counter: 669
     0 | D:1      | 0 ||| qw: Melee chars always use a shield: true
     0 | D:1      | 0 ||| qw: God list: Okawaru
     0 | D:1      | 0 ||| qw: Allow faded altars: false
     0 | D:1      | 0 ||| qw: Do Orc after clearing Dungeon:15 true
     0 | D:1      | 0 ||| qw: Do second Lair branch before Depths: true
     0 | D:1      | 0 ||| qw: Lair rune preference: random
     0 | D:1      | 0 ||| qw: Goals: Normal
     0 | D:1      | 0 ||| PLANNING D:1-11
    26 | D:1      | 26 ||| Stepping ~*~*~tactically~*~*~ (outnumbered).
    27 | D:1      | 27 ||| Stepping ~*~*~tactically~*~*~ (outnumbered).
    75 | D:1      | Reached XP level 2. HP: 17/17 MP: 2/2
   417 | D:1      | Found a faded altar of an unknown god.
   490 | D:1      | 490 ||| UPGRADING to ring of willpower.
   491 | D:1      | 491 ||| READING scroll labelled UKHI GOLEDA.
   491 | D:1      | Identified a scroll of acquirement
   491 | D:1      | 491 ||| ACQUIRING +1 helmet "Derchuaxu" {Harm *Slow rPois
                  | rC+}
   491 | D:1      | Acquired the +1 helmet "Derchuaxu" {Harm *Slow rPois rC+}
   493 | D:1      | 493 ||| READING 2 scrolls labelled QOMMYV AFOTU.
   494 | D:1      | 494 ||| READING scroll labelled BUTEIVVYSECH.
   495 | D:1      | 495 ||| READING scroll labelled UNUOLA FOOTZU.
   496 | D:1      | 496 ||| READING scroll labelled ELAMA DOBLICIA.
   497 | D:1      | 497 ||| DRINKING 2 pink potions.
   498 | D:1      | 498 ||| DROPPING scroll of butterflies.
   539 | D:2      | Reached XP level 3. HP: 21/21 MP: 3/3
   842 | D:2      | Reached skill level 5 in Ranged Weapons
   965 | D:2      | Noticed Robin
   969 | D:2      | Reached skill level 3 in Fighting
   975 | D:2      | HP: 4/23 [goblin/+0 dagger[Robin] (5)]
   977 | D:2      | Slain by Robin

Levels and vault maps discovered:
D:1:      dpeg_arrival_pits, layout_basic, ebering_ecumenical_altar_ruins,
          minmay_fountain_box, serial_bayou_pond_b
D:2:      layout_loops_corners, uniq_robin

Skill      XL: |  1  2  3 |
---------------+----------+-----
Ranged Weapons | 5 |  5.0
Fighting       | 3 |  3.0
Dodging        | |  1.5
Stealth        | |  1.1

Action                     || total
---------------------------++-------
   Fire: Shortbow          ||   106
    Use: Scroll            ||     5
         Potion            ||     1
 Armour: Leather armour    ||    46
  Dodge: Dodged            ||    17

Table legend:
 A = Non-vault XP
 B = Vault XP
 C = Vault XP percentage of total XP
 D = Non-vault monster count
 E = Vault monster count
 F = Vault count percentage of total count
                 A         B        C        D         E       F
            +---------+---------+-------+---------+---------+-------
      Total |      55 |      21 |  27.6 |      26 |      11 |  29.7
            +---------+---------+-------+---------+---------+-------
        D:1 |      27 |       5 |  15.6 |      18 |       3 |  14.3
        D:2 |      28 |      16 |  36.4 |       8 |       8 |  50.0
            +---------+---------+-------+---------+---------+-------
